 Dungeon Crawl Stone Soup version 0.29-a0-214-g17f627cfee (webtiles) character file.

Game seed: 6239563260528067510

9 sammy202020 the Skirmisher (level 2, 0/28 HPs)
             Began as a Naga Fighter on Feb 24, 2022.
             Slain by a jackal (2 damage)
             ... on level 1 of the Dungeon.
             The game lasted 00:02:39 (636 turns).

sammy202020 the Skirmisher (Naga Fighter)            Turns: 636, Time: 00:02:40

Health: 0/28       AC:  3    Str: 18    XL:     2   Next: 12%
Magic:  2/2        EV:  8    Int:  8    God:
Gold:   38         SH:  4    Dex: 10    Spells: 1/1 levels left

rFire   . . .      SeeInvis +   a - +0 long sword
rCold   . . .      Faith    .   c - +0 buckler
rNeg    . . .      Spirit   .   e - +0 ring mail {rPois}
rPois   +          Reflect  .   (no helmet)
rElec   .          Harm     .   (no cloak)
rCorr   .          Rampage  .   (no gloves)
Will    .....                   (no barding)
Stlth   ..........              (no amulet)
HPRegen 0.09/turn               (no ring)
MPRegen 0.08/turn               (no ring)

@: very slow
A: AC +0, large, see invisible, deformed body, poison resistance, slowness 2,
spit poison 1, naga tail 1
a: Spit Poison


You were on level 1 of the Dungeon.
You visited 1 branch of the dungeon, and saw 1 of its levels.

You collected 38 gold pieces.

Inventory:

Hand Weapons
 a - a +0 long sword (weapon)
 i - a +0 hunting sling
Armour
 b - a +0 scale mail
 c - a +0 buckler (worn)
 e - a +0 ring mail of poison resistance (worn)
Potions
 d - a potion of might
 h - a potion of curing {unknown}


   Skills:
 + Level 3.1 Fighting
 + Level 2.0 Long Blades
 + Level 2.6 Armour
 * Level 0.3 Dodging
 + Level 2.5 Shields


You had one spell level left.
You didn't know any spells.
Your spell library contained the following spells:

 Spells                   Type           Power      Damage    Failure   Level
 Gell's Gravitas          Tloc           0%         N/A       95%         3
 Lesser Beckoning         Tloc           0%         N/A       95%         3
 Teleport Other           Tloc           0%         N/A       95%         3


Dungeon Overview and Level Annotations

Branches:
Dungeon (1/15)

Altars:


Innate Abilities, Weirdness & Mutations

Your serpentine skin is tough. (AC +0)
You have supernaturally acute eyesight. (SInv)
Armour fits poorly on your strangely shaped body.
Your system is resistant to poisons. (rPois)
You cover ground very slowly.
You can spit poison.
You have a snake-like lower body.


Message History

You barely miss the jackal.
The jackal is moderately wounded.
The jackal bites you but does no damage.
The jackal closely misses you. The jackal barely misses you.
The jackal bites you but does no damage.
The jackal bites you. x2
You barely miss the jackal.
The jackal is moderately wounded.
The jackal closely misses you. The jackal misses you.
The jackal bites you but does no damage.
The jackal barely misses you. The jackal bites you.
The jackal bites you but does no damage.
You barely miss the jackal.
The jackal is moderately wounded.
The jackal bites you. x2; You block the jackal's attack.
The jackal bites you. The jackal closely misses you.
The jackal bites you but does no damage.
You closely miss the jackal.
The jackal is moderately wounded.
The jackal barely misses you. You block the jackal's attack.
The jackal bites you.
* * * LOW HITPOINT WARNING * * *
The jackal bites you.
* * * LOW HITPOINT WARNING * * *
Okay, then.
You closely miss the jackal.
The jackal is moderately wounded.
You block the jackal's attack. The jackal bites you.
* * * LOW HITPOINT WARNING * * *
The jackal bites you but does no damage.
The jackal bites you.
* * * LOW HITPOINT WARNING * * *
The jackal pauses to sniff the ground.
The jackal bites you but does no damage.
The jackal closely misses you.
You closely miss the jackal.
The jackal is moderately wounded.
The jackal bites you but does no damage. x2
The jackal bites you.
You die...

*,,,,,,*#..* #........#.
*****,*#..#*###.##.#...##
##,*#.#*##......#.#...
###!.,,,*##..#.####.###.
#....#####..#..####.###.
#..........##.###.......
#..........#............
#...#.h......)......###.
#...!.h@............###.
#...#.h....#........##..
#***#...................
#......#[..>....#...
#......#........####
#...............# ##
#...............###.
########.......[....
*########....


You could see 3 jackals.

Vanquished Creatures
  4 jackals (D:1)
  A quokka (D:1)
  A ball python (D:1)
  A bat (D:1)
  A frilled lizard (D:1)
8 creatures vanquished.

Notes
Turn   | Place    | Note
-------+----------+-------------------------------------------
     0 | D:1      | sammy202020 the Naga Fighter began the quest for the Orb.
     0 | D:1      | Reached XP level 1. HP: 21/21 MP: 1/1
   171 | D:1      | Found a faded altar of an unknown god.
   334 | D:1      | Reached XP level 2. HP: 16/28 MP: 2/2
   636 | D:1      | Slain by a jackal

Illustrated notes

Levels and vault maps discovered:
D:1:      ebering_hopf_link, layout_rooms, hellmonk_ecumenical_altar_run_dry

Action                   || total
-------------------------++-------
Melee: Long sword        ||    38
  Use: Scroll            ||     3
Armor: Ring mail         ||    29
       Scale mail        ||     2
Dodge: Dodged            ||    44
Block: Buckler           ||    18

Table legend: (Time is in decaauts)
 A = Elapsed time spent in this place.
 B = Non-inter-level travel time spent in this place.
 C = Inter-level travel time spent in this place.
 D = Time resting spent in this place.
 E = Time spent auto-exploring this place.
 F = Levels seen in this place.
 G = Mean time per level.
                   A        B        C        D        E       F      G
               +--------+--------+--------+--------+--------+-----+--------+
         Total |    781 |    781 |      0 |      0 |    425 |   1 |  781.0 |
       Dungeon |    781 |    781 |      0 |      0 |    425 |   1 |  781.0 |
               +--------+--------+--------+--------+--------+-----+--------+

Top non-repeatable levels by time:
     D:1: 781 daAuts
